 Dungeon Crawl Stone Soup version 0.28.0 (webtiles) character file.

Game seed: 4252374731692331019

53 Ratty the Digger (level 4, -6/26 (30) HPs)
             Began as a Formicid Earth Elementalist on Feb 15, 2022.
             Was an Initiate of Okawaru.
             Killed by nerve-wracking pain
             ... invoked by a shadow imp
             ... summoned by Eustachio
              (13 damage)
             ... on level 6 of the Dungeon.
             The game lasted 00:34:42 (1843 turns).

Ratty the Digger (Formicid Earth Elementalist)      Turns: 1843, Time: 00:34:44

HP:   -6/26 (30)    AC:  5    Str: 15    XL:     4   Next: 11%
MP:   4/8           EV: 11    Int: 14    God:    Okawaru [......]
Gold: 68            SH:  0    Dex: 11    Spells: 8/9 levels left

rFire   . . .      SeeInvis +   n - staff of cold
rCold   + + .      Faith    .   (no shield)
rNeg    . . .      Spirit   .   s - +2 leather armour {rC+}
rPois   .          Reflect  .   (helmet unavailable)
rElec   .          Harm     .   (no cloak)
rCorr   .          Rampage  .   (no gloves)
Will    .....                   (no boots)
Stlth   ++........              (no amulet)
HPRegen 0.08/turn               (no ring)
MPRegen 0.11/turn               (no ring)

@: heavily drained
A: permanent stasis, dig shafts and tunnels, antennae 3, four strong arms
a: Dig, Shaft Self, Renounce Religion


You were on level 6 of the Dungeon.
You worshipped Okawaru.
Okawaru was noncommittal.
You visited 2 branches of the dungeon, and saw 5 of its levels.

You collected 68 gold pieces.

Inventory:

Hand Weapons
 f - a +0 dagger
Missiles
 c - 30 stones
 g - 21 bolts
 m - 4 poisoned darts
 p - 18 arrows
 q - 6 atropa-tipped darts
Armour
 b - a +0 robe
 d - a +0 ring mail
 e - a +1 leather armour of poison resistance
 j - a +0 helmet
 o - a +0 plate armour
 s - a +2 leather armour of cold resistance (worn)
Magical Staves
 n - a staff of cold (weapon)
Jewellery
 k - a ring of positive energy
Scrolls
 i - a scroll of magic mapping {unknown}
 r - a scroll of vulnerability {unknown}
Potions
 a - a potion of heal wounds {unknown}
 h - a potion of berserk rage {unknown}
 l - a potion of resistance {unknown}


   Skills:
 * Level 1.8 Dodging
 * Level 2.8 Stealth
 * Level 3.0 Spellcasting
 + Level 1.1 Transmutations
 * Level 4.7 Earth Magic


You had 8 spell levels left.
You knew the following spells:

 Your Spells              Type           Power      Damage    Failure   Level
a - Sandblast             Erth           30%        2d9       3%          1

Your spell library contained the following spells:

 Spells                   Type           Power      Damage    Failure   Level
 Passwall                 Tmut/Erth      8%         N/A       12%         2
 Stone Arrow              Conj/Erth      16%        3d8       30%         3
 Petrify                  Tmut/Erth      10%        N/A       61%         4


Dungeon Overview and Level Annotations

Branches:
Dungeon (6/15)             Temple (1/1) D:6

Altars:
Elyvilon
Gozag
Hepliaklqana
Kikubaaqudgha
Makhleb
Nemelex Xobeh
Okawaru
Sif Muna
Vehumet
Xom
Zin
The Shining One

Annotations:
D:6 Eustachio


Innate Abilities, Weirdness & Mutations

You cannot be hasted, slowed, berserked, paralysed or teleported.
You can dig through walls and to a lower floor.
You have a pair of large antennae on your head. (SInv)
Your four strong arms can wield two-handed weapons with a shield.


Message History

There is an open door here.
Aiming: Sandblast (safe; 3% risk of failure)
Press: ? - help, Q - select action, (/) - cycle Shift-Dir - straight line, f - iron imp
Aim: an iron imp (summoned, 85% to hit)
The blast of sand hits the iron imp but does no damage.
Aiming: Sandblast (safe; 3% risk of failure)
Press: ? - help, Q - select action, (/) - cycle Shift-Dir - straight line, f - wyvern zombie, p - iron imp
Aim: a wyvern zombie (93% to hit)
The blast of sand hits the wyvern zombie.
The wyvern zombie is lightly damaged.
Eustachio twirls his moustache.
Aiming: Sandblast (safe; 3% risk of failure)
Press: ? - help, Q - select action, (/) - cycle Shift-Dir - straight line, f/p - wyvern zombie
Aim: a wyvern zombie (lightly damaged, 93% to hit)
The blast of sand hits the wyvern zombie.
The wyvern zombie is moderately damaged.
The wyvern zombie bites you!
The iron imp hits you but does no damage.
The wyvern zombie bites you. The iron imp barely misses you.
The wyvern zombie closely misses you. The wyvern zombie barely misses you.
Eustachio mumbles some strange words.
Eustachio blinks!
The wyvern zombie bites you!
* * * LOW HITPOINT WARNING * * *
Eustachio casts a spell.
The iron imp laughs crazily.
The shadow imp gestures at you.
You barely resist.
Aiming: Sandblast (safe; 3% risk of failure)
Press: ? - help, Q - select action, (/) - cycle Shift-Dir - straight line, f/p - wyvern zombie
Aim: a wyvern zombie (moderately damaged, 93% to hit)
The blast of sand hits the wyvern zombie!
The wyvern zombie is heavily damaged.
The wyvern zombie bites you but does no damage.
Eustachio gestures wildly while chanting.
Eustachio blinks!
The shadow imp gestures at you. Pain shoots through your body!
Ouch! That really hurt!
You die...

..# #.#. ##+## #.#.
##...## .... ##.....##
## #.# ##.......## ##.#
#.#
#....@....####...##.##
+.[5ยง5@...+...........
#....Z....####..#...##
##.......## ##......#
##.....## ##..>..#
##...## #.....# ##'##
##...## #.# ##..#
####.##### #.##


You could see Eustachio, an iron imp (summoned), a shadow imp (summoned) and a
wyvern zombie.

Vanquished Creatures
  A howler monkey zombie (D:6)
  2 adders (D:2)
  3 ball pythons
  3 endoplasms
  A giant cockroach (D:3)
  3 hobgoblins (D:2)
  3 quokkas
  A bat (D:3)
  A frilled lizard (D:1)
  4 kobolds
  2 rats
24 creatures vanquished.

Notes
Turn   | Place    | Note
-------+----------+-------------------------------------------
     0 | D:1      | Ratty the Formicid Earth Elementalist began the quest for
                  | the Orb.
     0 | D:1      | Reached XP level 1. HP: 13/13 MP: 3/3
     3 | D:1      | Noticed a minotaur skeleton
    18 | D:1      | Noticed a minotaur skeleton
   255 | D:1      | Reached skill level 4 in Earth Magic
   471 | D:1      | Reached XP level 2. HP: 19/19 MP: 3/5
   498 | D:1      | You fall into a shaft and drop 1 floor!
   596 | D:2      | Reached XP level 3. HP: 19/24 MP: 5/7
  1494 | D:3      | You fall into a shaft and drop 3 floors!
  1532 | D:6      | Noticed a water moccasin
  1576 | D:6      | Found a staircase to the Ecumenical Temple.
  1606 | Temple   | Entered the Ecumenical Temple
  1750 | Temple   | Became a worshipper of Warmaster Okawaru
  1818 | D:6      | Reached XP level 4. HP: 24/26 MP: 5/8
  1823 | D:6      | Noticed Eustachio
  1843 | D:6      | Killed from afar by a shadow imp

Illustrated notes

Levels and vault maps discovered:
D:1:      shiori_arrival_whats_in_store_for_you, layout_loops_ring,
          minmay_stone_trees_medium, dk_noncrumbling_3
D:2:      layout_loops_ring
D:3:      layout_basic, chequers_ecumenical_altar_simple, gup_sewer_entry_glass,
          minivault_25, minmay_misc_feat_tower
D:6:      layout_loops_corners, minmay_temple_entry_statues_pillars,
          nicolae_specific_store, uniq_eustachio
Temple:   eino_temple_scatter_basement

Skill      XL: |  1  2  3 |
---------------+----------+-----
Earth Magic    | 4 |  4.7
Spellcasting   | 3 |  3.0
Dodging        | |  1.8
Stealth        | |  2.8
Transmutations | |  1.1

Action                   |  1- 3 |  4- 6 || total
-------------------------+-------+-------++-------
Melee: Dagger            |     5 |       ||     5
 Cast: Sandblast         |    41 |     4 ||    45
 Abil: Dig               |     7 |       ||     7
       Shaft Self        |     1 |       ||     1
Armor: Leather armour    |     2 |     2 ||     4
Dodge: Dodged            |     3 |     3 ||     6
